AoeStats
← 从不压堡之人

Arena

509371667Analyzed
4v4 RM · 6d ago on Sep 26, 2026· 51m 11s· 8 players
Game mode
Random Map
Map size
Large (8 player)
Population
200
Speed
Normal
Resources
Standard
Victory
Conquest
Starting age
Dark Age
Ending age
Imperial Age
RankedLock teamsTeams togetherTeam positionsShared explorationLock speedFull tech treeHidden civsTurbo modeCheats
Victory
Defeat
🇦🇷 Saxons · Argentina
1129
+15
🇭🇰 Teutons · Hong Kong SAR China
1121
+15
🇨🇳 Italians · China
1114
+16
🇨🇳 Khmer · China
1078
+17
1227
-21
🇨🇳 Portuguese · China
1104
-16
1047
-13
🇨🇳 Tatars · China
1039
-13
洗心革面重新做人TownYan
10:01 Feudal Age
12:46 Castle Age
11:05 Double-Bit Axe
11:01 Horse Collar
19:32 Bow Saw
19:44 Gold Mining
20:05 Loom
21:56 Gold Shaft Mining
22:17 Heavy Plow
23:28 Wheelbarrow
26:30 Imperial Age
26:03 Fortified Wall
26:04 Masonry
27:43 Conscription
27:24 Double Crossbow
27:48 Ballistics
28:30 Chemistry
27:38 Siege Engineers
29:34 Architecture
28:45 Heavy Scorpion
29:49 Scale Barding Armor
29:55 Forging
30:31 Hoardings
29:24 Capped Ram
30:47 Siege Ram
32:21 Crop Rotation
33:24 Chain Barding Armor
33:40 Iron Casting
33:07 Husbandry
33:17 Bloodlines
33:15 Caravan
37:47 Elite Battle Elephant
39:06 Plate Barding Armor
39:32 Blast Furnace
从不压堡之人
10:09 Feudal Age
11:15 Double-Bit Axe
11:54 Horse Collar
14:32 Castle Age
13:11 Wheelbarrow
16:46 Bow Saw
16:37 Heavy Plow
17:22 Loom
22:13 Town Watch
22:44 Hand Cart
22:35 Gold Mining
25:04 Fletching
26:26 Caravan
27:10 Ballistics
26:59 Stone Mining
30:08 Imperial Age
28:18 Husbandry
28:52 Bodkin Arrow
30:00 Stone Shaft Mining
30:12 Town Patrol
29:57 Treadmill Crane
29:53 Crossbowman
30:38 Thumb Ring
31:54 Chemistry
32:41 Two-Man Saw
31:56 Arquebus
32:16 Conscription
31:23 Elite Skirmisher
32:32 Bracer
33:42 Guilds
33:45 Siege Engineers
34:15 Padded Archer Armor
35:17 Conscription
34:43 Elite Organ Gun
37:35 Leather Archer Armor
38:47 Ring Archer Armor
38:23 Scale Barding Armor
38:53 Bombard Tower
38:54 Devotion
41:39 Circumnavigation
42:10 Masonry
41:55 Murder Holes
46:43 Architecture
47:04 Thumb Ring
我怕你审判长?
10:43 Feudal Age
11:56 Double-Bit Axe
14:40 Castle Age
16:05 Bow Saw
16:59 Horse Collar
21:52 Wheelbarrow
24:52 Stone Mining
24:53 Gold Mining
29:34 Imperial Age
26:51 Loom
27:21 Hand Cart
28:35 Silk Armor
28:42 Scale Barding Armor
28:47 Forging
29:46 Chain Barding Armor
30:49 Iron Casting
30:45 Conscription
31:03 Heavy Plow
31:33 Ballistics
30:53 Treadmill Crane
32:14 Chemistry
32:01 Plate Barding Armor
31:31 Husbandry
31:41 Bloodlines
30:52 Elite Steppe Lancer
31:47 Town Watch
32:22 Caravan
32:34 Guilds
35:01 Blast Furnace
33:53 Fletching
34:32 Siege Engineers
35:31 Coinage
37:47 Bodkin Arrow
40:23 Banking
40:21 Bracer
42:29 Town Patrol
我独自送头 Solo Feeding
10:45 Feudal Age
11:35 Double-Bit Axe
11:55 Horse Collar
14:24 Castle Age
15:53 Wheelbarrow
21:28 Gold Mining
21:59 Bow Saw
27:35 Imperial Age
25:46 Heavy Plow
26:08 Scale Barding Armor
26:14 Forging
26:23 Hand Cart
27:08 Chain Barding Armor
26:59 Forging
27:30 Loom
27:31 Town Watch
28:32 Gold Shaft Mining
27:48 Stone Mining
29:00 Two-Man Saw
28:42 Conscription
28:59 Plate Barding Armor
30:35 Bloodlines
30:25 Husbandry
30:35 Bloodlines
30:25 Husbandry
31:28 Iron Casting
30:16 Elite War Elephant
33:24 Caravan
33:55 Scale Mail Armor
34:56 Blast Furnace
33:48 Fletching
33:58 Padded Archer Armor
35:37 Chemistry
37:23 Bodkin Arrow
37:40 Masonry
37:51 Ballistics
40:29 Crop Rotation
40:13 Guilds
40:41 Town Patrol
41:52 Guard Tower
41:58 Murder Holes
44:04 Leather Archer Armor
43:52 Scale Mail Armor
44:26 Architecture
Valhalin
12:20 Feudal Age
16:04 Castle Age
14:01 Double-Bit Axe
14:33 Horse Collar
16:01 Loom
19:26 Wheelbarrow
22:34 Bow Saw
23:03 Heavy Plow
23:25 Town Watch
27:02 Scale Mail Armor
27:12 Forging
30:21 Imperial Age
28:48 Hand Cart
30:01 Town Patrol
30:32 Capped Ram
31:37 Chain Mail Armor
31:52 Squires
32:00 Gold Mining
33:01 Plate Mail Armor
32:59 Conscription
33:55 Two-Man Saw
33:26 Crop Rotation
32:20 Pikeman
34:50 Iron Casting
34:16 Shield Wall
king vitt
0:29 Loom
14:05 Feudal Age
14:35 Double-Bit Axe
14:33 Horse Collar
19:40 Castle Age
18:47 Wheelbarrow
21:28 Bow Saw
21:21 Heavy Plow
21:14 Gold Mining
21:17 Stone Mining
22:18 Hand Cart
30:18 Imperial Age
29:38 Gold Shaft Mining
29:42 Stone Shaft Mining
29:20 Town Watch
30:18 Ballistics
30:09 Scale Barding Armor
30:32 Elite Ballista Elephant
31:34 Conscription
31:55 Crop Rotation
31:59 Double Crossbow
33:08 Chemistry
32:53 Siege Engineers
33:00 Fortified Wall
33:20 Chain Barding Armor
33:20 Heavy Scorpion
34:21 Masonry
35:18 Plate Barding Armor
36:54 Architecture
37:17 Hoardings
38:48 Forging
39:29 Bloodlines
39:20 Husbandry
38:41 Light Cavalry
38:46 Onager
40:38 Iron Casting
42:52 Blast Furnace
41:50 Hussar
Teutons_CF
3:42 Loom
10:56 Feudal Age
11:31 Double-Bit Axe
17:51 Castle Age
16:30 Stone Mining
16:56 Gold Mining
16:59 Fletching
17:33 Town Watch
18:21 Horse Collar
20:08 Heavy Plow
20:25 Bow Saw
21:52 Scale Barding Armor
26:29 Wheelbarrow
30:35 Imperial Age
30:00 Padded Archer Armor
29:56 Bodkin Arrow
31:31 Leather Archer Armor
31:55 Conscription
32:51 Two-Man Saw
32:58 Ring Archer Armor
31:59 Cavalier
32:50 Bloodlines
33:53 Elite Skirmisher
35:22 Forging
35:31 Fortified Wall
37:56 Chemistry
38:15 Ring Archer Armor
38:06 Chain Barding Armor
41:42 Arrowslits
42:08 Masonry
41:49 Guard Tower
43:32 Paladin
49:12 Plate Barding Armor
50:07 Iron Casting
50:08 Crop Rotation
49:59 Hand Cart
文知章
10:17 Feudal Age
10:44 Double-Bit Axe
10:40 Horse Collar
15:03 Gold Mining
17:27 Castle Age
18:45 Heavy Plow
18:56 Bow Saw
24:12 Loom
26:00 Wheelbarrow
29:00 Imperial Age
26:50 Stone Mining
27:18 Hand Cart
29:40 Ballistics
29:01 Treadmill Crane
29:37 Fletching
29:47 Padded Archer Armor
30:25 Conscription
31:16 Chemistry
31:12 Crop Rotation
31:44 Two-Man Saw
30:43 Bodkin Arrow
31:49 Stone Shaft Mining
31:51 Masonry
31:44 Bracer
31:59 Leather Archer Armor
33:09 Bombard Tower
33:26 Ring Archer Armor
34:54 Forging
34:50 Scale Barding Armor
35:03 Scale Mail Armor
34:25 Pikeman
35:06 Squires
35:46 Elite Genoese Crossbowman
37:25 Iron Casting
37:11 Chain Barding Armor
37:55 Chain Mail Armor
39:03 Plate Barding Armor
39:28 Blast Furnace
38:41 Bloodlines
38:31 Husbandry
38:51 Light Cavalry
40:28 Hussar
47:16 Plate Mail Armor
48:36 Hoardings
48:36 Architecture
48:17 Fortified Wall
49:41 Murder Holes
Connection lost

Rejoining the realm…

Still unreachable

The connection could not be restored.

Session expired

The server has moved on; the page needs a fresh start.